 Dungeon Crawl Stone Soup version 0.30-a0-394-g3e4acdb0ae (webtiles) character file.

Game seed: 10115909720628732828

156 qeuew the Chopper (level 5, -1/46 HPs)
             Began as a Hill Orc Fighter on Dec 6, 2022.
             Was an Initiate of Trog.
             Slain by a gnoll
             ... wielding a +0 spear
              (4 damage)
             ... on level 3 of the Dungeon.
             The game lasted 00:02:40 (1483 turns).

qeuew the Chopper (Hill Orc Fighter)                Turns: 1483, Time: 00:02:41

Health: -1/46      AC:  7    Str: 20    XL:     5   Next: 37%
Magic:  5/5        EV:  9    Int: 12    God:    Trog [......]
Gold:   101        SH:  4    Dex:  9    Spells: 4/4 levels left

rFire   . . .      SeeInvis .    a - +1 war axe (drain)
rCold   . . .      Faith    .    c - +0 buckler
rNeg    . . .      Spirit   .    b - +0 scale mail
rPois   .          Reflect  .    (helmet restricted)
rElec   .          Harm     .    (no cloak)
rCorr   .          Rampage  .    (no gloves)
Will    .....                    (no boots)
Stlth   ..........               (no amulet)
HPRegen 0.27/turn                (no ring)
MPRegen 0.09/turn                (no ring)

@: no status effects
A: antennae 1, claws 1, clever 1
a: Renounce Religion


You were on level 3 of the Dungeon.
You worshipped Trog.
Trog was noncommittal.
You visited 1 branch of the dungeon, and saw 3 of its levels.

You collected 101 gold pieces.

Inventory:

Hand Weapons
 a - a +1 war axe of draining (weapon)
Armour
 b - a +0 scale mail (worn)
 c - a +0 buckler (worn)
Wands
 e - a wand of mindburst (1) (quivered)
Scrolls
 f - 3 scrolls of identify
 h - a scroll of magic mapping {unknown}
 i - 2 scrolls of brand weapon
Potions
 d - 2 potions of might
 g - a potion of mutation
 j - a potion of flight


   Skills:
 + Level 4.2 Fighting
 * Level 4.5 Axes
 + Level 4.0 Armour
 + Level 1.4 Dodging
 + Level 3.9 Shields
 + Level 0.8 Evocations


You had 4 spell levels left.
You didn't know any spells.
Your spell library was empty.

Dungeon Overview and Level Annotations

Branches:
Dungeon (3/15)

Altars:
Trog


Innate Abilities, Weirdness & Mutations

You have a pair of small antennae on your head.
You have sharp fingernails.
Your mind is acute. (Int +4, Str/Dex -1)


Message History

You slash the gnoll!
You kill the gnoll!
Trog accepts your kill.
You miss the frilled lizard.
The frilled lizard bites you but does no damage.
You block the gnoll's attack. The frilled lizard barely misses you.
The gnoll hits you from afar with a +0 spear.
You miss the frilled lizard.
The gnoll hits you from afar with a +0 spear.
* * * LOW HITPOINT WARNING * * *
The frilled lizard bites you but does no damage.
Unknown command.
You miss the frilled lizard. The gnoll closely misses you.
You block the frilled lizard's attack.
Unknown command.
You miss the frilled lizard. The frilled lizard barely misses you.
The gnoll barely misses you. The gnoll hits you but does no damage.
The frilled lizard barely misses you.
Unknown command.
You miss the frilled lizard. The frilled lizard bites you.
* * * LOW HITPOINT WARNING * * *
The gnoll hits you from afar with a +0 spear.
* * * LOW HITPOINT WARNING * * *
Unknown command.
You hit the frilled lizard. You drain the frilled lizard.
You kill the frilled lizard!
Trog accepts your kill.
The gnoll hits you from afar with a +0 spear.
* * * LOW HITPOINT WARNING * * *
Unknown command.
The gnoll hits you with a +0 spear!
* * * LOW HITPOINT WARNING * * *
Okay, then.
Okay, then.
Aiming: Mindburst
Press: ? - help, Q - select action Shift-Dir - straight line, f - gnoll
Aim: a gnoll, wielding a +0 spear (chance to affect: 75%)
The gnoll's mind is blasted!
The gnoll hits you with a +0 spear.
You die...

... ..........#.#..
...#.....##........#.#..
..:#.....##....#####.#..
...............(........
........................
............#...........
.....................#..
#.......)............#..
#.....g@.............#..
#.......)............#..
#.................<..#..
#....###.#...........#..
##### #+#...........#..
....#..........
.....#..........
......#...#####..
#.#+### .## #


You could see a gnoll.

Vanquished Creatures
  Natasha (twice) (D:3)
  An adder (D:3)
  6 gnolls
  A dart slug (D:2)
  7 endoplasms
  4 goblins
  6 hobgoblins
  A quokka (D:2)
  A ball python (D:2)
  4 frilled lizards
  3 kobolds
  5 rats
41 creatures vanquished.

Vanquished Creatures (others)
  4 plants (D:3)
4 creatures vanquished.

Grand Total: 45 creatures vanquished

Notes
Turn   | Place    | Note
-------+----------+-------------------------------------------
     0 | D:1      | qeuew the Hill Orc Fighter began the quest for the Orb.
     0 | D:1      | Reached XP level 1. HP: 19/19 MP: 1/1
   113 | D:1      | Reached XP level 2. HP: 21/27 MP: 2/2
   609 | D:1      | Gained mutation: You have a pair of small horns on your
                  | head. [potion of mutation]
   609 | D:1      | Gained mutation: You have large cloven feet. [potion of
                  | mutation]
   609 | D:1      | Gained mutation: Your mind is acute. (Int +4, Str/Dex -1)
                  | [potion of mutation]
   610 | D:1      | Lost mutation: You have large cloven feet. [potion of
                  | mutation]
   610 | D:1      | Lost mutation: Your mind is acute. (Int +4, Str/Dex -1)
                  | [potion of mutation]
   610 | D:1      | Gained mutation: You occasionally shout uncontrollably at
                  | your foes. [potion of mutation]
   610 | D:1      | Gained mutation: You sometimes lose your temper in combat.
                  | [potion of mutation]
   611 | D:1      | Lost mutation: You occasionally shout uncontrollably at
                  | your foes. [potion of mutation]
   611 | D:1      | Lost mutation: You sometimes lose your temper in combat.
                  | [potion of mutation]
   611 | D:1      | Lost mutation: You have a pair of small horns on your head.
                  | [potion of mutation]
   611 | D:1      | Gained mutation: You have sharp fingernails. [potion of
                  | mutation]
   611 | D:1      | Gained mutation: You have a pair of small antennae on your
                  | head. [potion of mutation]
   611 | D:1      | Gained mutation: Your mind is acute. (Int +4, Str/Dex -1)
                  | [potion of mutation]
   667 | D:2      | Reached XP level 3. HP: 24/33 MP: 3/3
   677 | D:2      | Reached XP level 4. HP: 25/40 MP: 4/4
   739 | D:2      | Found a bloodstained altar of Trog.
   766 | D:2      | Became a worshipper of Trog the Wrathful
   840 | D:2      | Reached skill level 1 in Dodging
   928 | D:2      | Found a faded altar of an unknown god.
   970 | D:2      | Identified the +1 robe of Nuopit {Int-3 Dex+5}
  1283 | D:3      | Noticed Natasha
  1296 | D:3      | Killed Natasha
  1405 | D:3      | Noticed Natasha
  1420 | D:3      | Killed Natasha
  1421 | D:3      | Reached XP level 5. HP: 35/46 MP: 5/5
  1482 | D:3      | HP: 2/46 [gnoll/+0 spear (8)]
  1483 | D:3      | Slain by a gnoll

Illustrated notes

Levels and vault maps discovered:
D:1:      dpeg_arrival_round_b, layout_basic
D:2:      layout_rooms, basic_altar,
          dreamdust_ecumenical_altar_angels_and_demons,
          amcnicky_mini_pool_small, nicolae_underground_beach
D:3:      layout_basic, gammafunk_ghost_nasty_kobolds, uniq_natasha

Skill      XL: |  1  2  3  4 |
---------------+-------------+-----
Axes           | 3 4 |  4.5
Fighting       | 4 |  4.2
Dodging        | 1 |  1.4
Armour         | 4 |  4.0
Shields        | |  3.9
Evocations     | |  0.8

Action                   |  1- 3 |  4- 6 || total
-------------------------+-------+-------++-------
Melee: War axe           |    41 |    58 ||    99
Evoke: Wand              |       |     1 ||     1
  Use: Potion            |     7 |       ||     7
       Scroll            |     4 |       ||     4
Armor: Scale mail        |    16 |    30 ||    46
Dodge: Dodged            |    14 |    30 ||    44
Block: Buckler           |    10 |    15 ||    25

Table legend: (Time is in decaauts)
 A = Elapsed time spent in this place.
 B = Non-inter-level travel time spent in this place.
 C = Inter-level travel time spent in this place.
 D = Time resting spent in this place.
 E = Time spent auto-exploring this place.
 F = Levels seen in this place.
 G = Mean time per level.
                   A        B        C        D        E       F      G
               +--------+--------+--------+--------+--------+-----+--------+
         Total |   1506 |   1444 |     62 |      0 |   1164 |   3 |  502.0 |
       Dungeon |   1506 |   1444 |     62 |      0 |   1164 |   3 |  502.0 |
               +--------+--------+--------+--------+--------+-----+--------+

Top non-repeatable levels by time:
     D:1: 637 daAuts
     D:2: 591 daAuts
     D:3: 277 daAuts
